 Dungeon Crawl Stone Soup version 0.30-a0-250-g41c1d76940 (webtiles) character file.

Game seed: 216697871229377672

404 ytrimaz the Twirler (level 7, -2/49 HPs)
             Began as a Djinni Gladiator on Oct 12, 2022.
             Slain by an ice beast (6 damage)
             ... on level 5 of the Dungeon.
             The game lasted 00:04:24 (3729 turns).

ytrimaz the Twirler (Djinni Gladiator)              Turns: 3729, Time: 00:04:24

Health: -2/49      AC:  5    Str: 13    XL:     7   Next: 12%
Gold:   321        EV: 12    Int: 12    God:
                   SH:  0    Dex: 14

rFire   + + +      SeeInvis .    a - +0 quarterstaff
rCold   . . .      Faith    .    (shield currently unavailable)
rNeg    . . .      Spirit   .    b - +0 leather armour
rPois   ∞          Reflect  .    c - +1 helmet
rElec   +          Harm     .    (no cloak)
rCorr   +          Rampage  .    (no gloves)
Will    .....                    (boots unavailable)
Stlth   +.........               g - amulet of regeneration
HPRegen 1.08/turn                (no ring)
MPRegen 0.00/turn                (no ring)

@: resistant, flying, very slightly contaminated
A: sickness immunity, fire resistance 2, cold vulnerability 1, float, innate
caster, HP casting, extra vitality 1
a: no special abilities


You were on level 5 of the Dungeon.
You visited 1 branch of the dungeon, and saw 5 of its levels.

You collected 321 gold pieces.


Innate Abilities, Weirdness & Mutations

You are immune to sickness and miasma.
You are immune to poison.
Your flesh is very heat resistant. (rF++)
You are vulnerable to cold. (rC-)
You float through the air rather than walking.
You learn spells naturally, not from books.
Your magical power is your life essence.
You have superior vitality. (+4 MHP)


   Skills:
 - Level 2.0 Fighting
 + Level 6.8 Staves
 - Level 1.5 Throwing
 - Level 3.2 Dodging


You couldn't memorise any spells.
You knew the following spells:

 Your Spells              Type           Power      Damage    Failure   Level
a - Slow                  Hex            0%         N/A       38%         1
b - Scorch                Fire           0%         2d5       54%         2
c - Summon Guardian Gole  Hex/Summ       0%         N/A       77%         3
Your spell library was empty.

Inventory:

Hand Weapons
 a - a +0 quarterstaff (weapon)
Missiles
 d - 3 throwing nets
 e - a javelin
Armour
 b - a +0 leather armour (worn)
 c - a +1 helmet (worn)
Jewellery
 g - an amulet of regeneration (around neck)
   (You found it on level 3 of the Dungeon)
 q - an amulet of the acrobat
   (You found it on level 3 of the Dungeon)
Scrolls
 h - a scroll of poison
 n - 2 scrolls of magic mapping
Potions
 j - a potion of invisibility
 m - a potion of berserk rage {unknown}

Dungeon Overview and Level Annotations

Branches:
Dungeon (5/15) Zot: 26254
 Temple: D:4-7

Altars:

Shops:
D:2 *

Portals:
Abyss: D:5

Annotations:
D:5 2 transporters, sleeves's ghost, amateur MiCA

##.......## #.........#
#.........# #
#.........#########
..##.................# #####
#....................# #....
###.........#........# #....
####......###Y#############....
##.........@..........##....
#.##............####.......
#.##.)..........# ####....
#.<##............# #....
#.###............## #..<. #.
#............)######.... #.
#...........>.........### ..
...............######.... #.
.......>.........>...###


You could see an ice beast.


Message History

Unknown command. 😨 HP[+1]
The ice beast attacks as you move away!
The ice beast closely misses you. 😨 HP[+1] 😨 HP[+1] 😨 HP[+2]
You regained 2 hp, and now have 18/49 hp.
The ice beast attacks as you move away! The ice beast hits you.
* * * LOW HITPOINT WARNING * * *
The ice beast freezes you!
* * * LOW HITPOINT WARNING * * *
😱 HP[-11]
You take 11 damage, and now have 7/49 hp.
MASSIVE DAMAGE!! (PAUSE)
The adder attacks as you move away! The adder bites you.
* * * LOW HITPOINT WARNING * * *
😱 HP[-2]
You take 2 damage, and now have 5/49 hp. 😱 HP[+1] 😱 HP[+1]
You feel much better. The ice beast hits you. The ice beast freezes you!
* * * LOW HITPOINT WARNING * * *
😨 HP[+9]
You regained 9 hp, and now have 16/49 hp.
Unknown command. 😨 HP[+1]
You hit the ice beast.
The ice beast barely misses you. 😨 HP[+1] Unknown command.
You hit the ice beast but do no damage. The ice beast hits you.
* * * LOW HITPOINT WARNING * * *
The ice beast freezes you!
* * * LOW HITPOINT WARNING * * *
😱 HP[-7]
You take 7 damage, and now have 11/49 hp.
Unknown command.
Casting: Slow (safe; 38% risk of failure)
Confirm with . or Enter, or press ? or * to list all spells.
Okay, then.
Casting: Slow (safe; 38% risk of failure)
Confirm with . or Enter, or press ? or * to list all spells.
You miscast Scorch.
You are very lightly contaminated with residual magic.
Nothing appears to happen.
* * * LOW HITPOINT WARNING * * *
The ice beast barely misses you. 😱 HP[-1]
You take 1 damage, and now have 10/49 hp.
Unknown command.
Casting: Scorch (dangerous; 54% risk of failure)
Confirm with . or Enter, or press ? or * to list all spells.
Flames lash the adder.
The adder's fire resistance burns away.
* * * LOW HITPOINT WARNING * * *
The ice beast barely misses you. 😱 HP[-1]
You take 1 damage, and now have 9/49 hp.
Unknown command.
Unknown command.
Casting: Scorch (dangerous; 54% risk of failure)
Confirm with . or Enter, or press ? or * to list all spells.
Flames lash the ice beast.
The ice beast melts!
The ice beast's fire resistance burns away.
* * * LOW HITPOINT WARNING * * *
The ice beast hits you but does no damage.
Unknown command. 😱 HP[-1]
You take 1 damage, and now have 8/49 hp.
Unknown command.
Unknown command.
You completely miss the ice beast.
The ice beast closely misses you. 😱 HP[+1] Unknown command.
Casting: Scorch (dangerous; 54% risk of failure)
Confirm with . or Enter, or press ? or * to list all spells.
You miscast Scorch.
Nothing appears to happen.
* * * LOW HITPOINT WARNING * * *
The ice beast hits you but does no damage. 😱 HP[-1]
You take 1 damage, and now have 8/49 hp.
Unknown command.
Casting: Scorch (dangerous; 54% risk of failure)
Confirm with . or Enter, or press ? or * to list all spells.
You miscast Scorch.
Nothing appears to happen.
* * * LOW HITPOINT WARNING * * *
The ice beast is no longer more vulnerable to fire.
The ice beast barely misses you. 😱 HP[-1]
You take 1 damage, and now have 7/49 hp.
Unknown command.
Casting: Scorch (dangerous; 54% risk of failure)
Confirm with . or Enter, or press ? or * to list all spells.
Flames lash the adder.
You kill the adder!
* * * LOW HITPOINT WARNING * * *
The ice beast hits you.
* * * LOW HITPOINT WARNING * * *
The ice beast freezes you.
You die...

Skill      XL: |  1  2  3  4  5  6 |
---------------+-------------------+-----
Staves         | 3 4 5 6 |  6.8
Fighting       | |  2.0
Throwing       | |  1.5
Dodging        | |  3.2

Action                   |  1- 3 |  4- 6 |  7- 9 || total
-------------------------+-------+-------+-------++-------
Melee: Quarterstaff      |    90 |   149 |    32 ||   271
 Cast: Slow              |     1 |       |       ||     1
       Scorch            |       |       |     3 ||     3
  Use: Scroll            |     5 |     8 |     1 ||    14
       Potion            |       |     2 |     2 ||     4
 Stab: Sleeping          |     2 |       |       ||     2
Armor: Leather armour    |    24 |    41 |    18 ||    83
       Skin              |       |    19 |       ||    19
Dodge: Dodged            |    38 |    84 |    21 ||   143

Levels and vault maps discovered:
D:1:      zelgadis_glass_arrival_small, layout_loops_corners,
          shapermc_ecumenical_altar_mp_vishouse, serial_forest,
          infiniplex_forest_clump_medium, infiniplex_forest_straight_1,
          infiniplex_forest_clump_curved, infiniplex_forest_lined_room_2,
          infiniplex_forest_corner_2
D:2:      layout_basic, serial_shops, nicolae_shop_hallway_stairs
D:3:      layout_basic, grunt_decor_mini_mirrors, fountainhead,
          minmay_joined_circles, uniq_terence
D:4:      layout_rooms
D:5:      layout_rooms, gammafunk_ghost_abyssal_escape, uniq_grinder

Notes
Turn   | Place    | Note
-------+----------+-------------------------------------------
     0 | D:1      | ytrimaz the Djinni Gladiator began the quest for the Orb.
     0 | D:1      | Reached XP level 1. HP: 18/18 MP: 0/0
     0 | D:1      | magus.rc [v1.9.6]
   121 | D:1      | Reached skill level 3 in Staves
   177 | D:1      | Reached XP level 2. HP: 23/23 MP: 0/0
   535 | D:1      | Found a faded altar of an unknown god.
  1137 | D:2      | Found Zubiamal's Assorted Antiques.
  1313 | D:2      | HP: 4/23 [hobgoblin (3)]
  1456 | D:2      | Reached XP level 3. HP: 28/28 MP: 0/0
  1456 | D:2      | Learned a level 1 spell: Slow
  2001 | D:3      | Reached skill level 4 in Staves
  2123 | D:3      | Reached XP level 4. HP: 33/33 MP: 0/0
  2268 | D:3      | HP: 8/33 [gnoll bouda/+0 club (8)]
  2269 | D:3      | HP: 2/33 [gnoll bouda/+0 club (6)]
  2414 | D:3      | Reached XP level 5. HP: 33/38 MP: 0/0
  2414 | D:3      | Learned a level 2 spell: Scorch
  2571 | D:3      | Noticed Terence
  2724 | D:3      | Reached skill level 5 in Staves
  2885 | D:3      | Killed Terence
  2943 | D:4      | Reached XP level 6. HP: 40/43 MP: 0/0
  2996 | D:4      | Reached skill level 6 in Staves
  3044 | D:4      | Noticed an ogre
  3052 | D:4      | Killed an ogre
  3194 | D:4      | HP: 9/43 [gnoll/+0 flail (13)]
  3225 | D:4      | Reached XP level 7. HP: 42/49 MP: 0/0
  3225 | D:4      | Learned a level 3 spell: Summon Guardian Golem
  3420 | D:5      | Entered Level 5 of the Dungeon
  3520 | D:5      | Found a transporter.
  3530 | D:5      | Found a transporter.
  3533 | D:5      | Noticed an ancient zyme
  3543 | D:5      | Found a one-way gate to the infinite horrors of the Abyss.
  3543 | D:5      | Noticed sleeves's ghost (amateur MiCA)
  3709 | D:5      | HP: 11/49 [adder (2)]
  3715 | D:5      | HP: 6/49 [ice beast (9)]
  3722 | D:5      | HP: 11/49 [ice beast (7)]
  3729 | D:5      | HP: 4/49 [ice beast (3)]
  3729 | D:5      | Slain by an ice beast

Vanquished Creatures
  An ogre (D:4)
  A necrophage (D:4)
  A gnoll bouda (D:3)
  A hound (D:4)
  Terence (D:3)
  3 gnolls (D:4)
  7 adders
  A white imp (D:5)
  2 ufetubi (D:5)
  3 worms
  2 dart slugs
  3 orcs (D:3)
  2 ball pythons (D:4)
  3 bats (D:3)
  6 endoplasms
  4 giant cockroaches
  8 goblins
  4 hobgoblins
  4 quokkas
  3 frilled lizards
  3 kobolds
  5 rats
68 creatures vanquished.

Table legend:
 A = Non-vault XP
 B = Vault XP
 C = Vault XP percentage of total XP
 D = Non-vault monster count
 E = Vault monster count
 F = Vault count percentage of total count
                 A         B        C        D         E       F
            +---------+---------+-------+---------+---------+-------
      Total |     480 |     111 |  18.8 |      55 |      13 |  19.1
            +---------+---------+-------+---------+---------+-------
        D:1 |      19 |       0 |   0.0 |      12 |       0 |   0.0
        D:2 |      15 |       0 |   0.0 |       5 |       0 |   0.0
        D:3 |      60 |     111 |  64.9 |      14 |      13 |  48.1
        D:4 |     333 |       0 |   0.0 |      19 |       0 |   0.0
        D:5 |      53 |       0 |   0.0 |       5 |       0 |   0.0
            +---------+---------+-------+---------+---------+-------

Illustrated notes

Table legend:
 A = Kills in this place as a percentage of kills in entire the game.
 B = Kills by you in this place as a percentage of kills by you in the entire game.
 C = Kills by friends in this place as a percentage of kills by friends in the entire game.
 D = Other kills in this place as a percentage of other kills in the entire game.
 E = Experience gained in this place as a percentage of experience gained in the entire game.
 F = Experience gained in this place divided by the number of levels of this place that you have seen.
                   A       B       C       D       E      F
               +-------+-------+-------+-------+-------+----------------------
         Total | 100.0 | 100.0 |   N/A |   N/A | 100.0 | 118.2
       Dungeon | 100.0 | 100.0 |   N/A |   N/A | 100.0 | 118.2
               +-------+-------+-------+-------+-------+----------------------

Table legend: (Time is in decaauts)
 A = Elapsed time spent in this place.
 B = Non-inter-level travel time spent in this place.
 C = Inter-level travel time spent in this place.
 D = Time resting spent in this place.
 E = Time spent auto-exploring this place.
 F = Levels seen in this place.
 G = Mean time per level.
                   A        B        C        D        E       F      G
               +--------+--------+--------+--------+--------+-----+--------+
         Total |   3744 |   3688 |     56 |      0 |   3023 |   5 |  748.8 |
       Dungeon |   3744 |   3688 |     56 |      0 |   3023 |   5 |  748.8 |
               +--------+--------+--------+--------+--------+-----+--------+

Top non-repeatable levels by time:
     D:3: 1094 daAuts
     D:1: 987 daAuts
     D:2: 863 daAuts
     D:4: 491 daAuts
     D:5: 308 daAuts
